 Dungeon Crawl Stone Soup version 0.15-a0-1439-g2e54579 (webtiles) character file.

453 Chiseanne the Ducker (level 7, -8/36 HPs)
             Began as a Tengu Fire Elementalist on June 12, 2014.
             Killed by divine providence
             ... invoked by an orc priest
              (13 damage)
             ... on Level 5 of the Dungeon.
             The game lasted 00:16:15 (5477 turns).

Chiseanne the Ducker (Tengu Fire Elementalist)      Turns: 5477, Time: 00:16:16

HP  -8/36        AC  3     Str  9      XL: 7   Next:  5%
MP  15/15        EV 13     Int 16      God:
Gold 194         SH  0     Dex 15      Spells:  3 memorised,  5 levels left

rFire  + . .     SeeInvis .     d - +3,+2 dagger (venom)
rCold  . . .     Clarity  .     z - +0 leather armour {rF+}
rNeg   . . .     rCorr    .     (no shield)
rPois  .         rRot     .     (helmet restricted)
rElec  .         Spirit   .     (no cloak)
SustAb .         Warding  .     (no gloves)
rMut   .         Stasis   .     (boots unavailable)
Gourm  .                        (no amulet)
MR     .....                    s - +2,+5 ring of slaying
                                (no ring)

@: not resistant to hostile enchantments, unstealthy
A: able to fly, beak, talons 3
a: Fly


You were on level 5 of the Dungeon.
You were not hungry.

You visited 1 branch of the dungeon, and saw 5 of its levels.

You collected 194 gold pieces.

Inventory:

Hand weapons
 d - a +3,+2 dagger of venom (weapon)
 j - a +1,+0 whip of electrocution
 v - a +0,+1 long sword of flaming
 C - a +2,+2 dagger of protection
Missiles
 f - 2 curare-tipped needles
 g - 19 poisoned needles
Armour
 m - a +0 large shield
 z - a +0 leather armour of fire resistance (worn)
 E - a +0 leather armour of magic resistance
Magical devices
 q - a wand of enslavement (11)
 F - a wand of enslavement (10)
Comestibles
 a - 11 fruits
 c - a bread ration
 k - a beef jerky
 n - a royal jelly
 p - 4 meat rations
Scrolls
 h - a scroll of identify
 l - 5 scrolls of teleportation
 y - a scroll of fog
Jewellery
 r - an uncursed ring of sustain abilities
 s - a +2,+5 ring of slaying (right hand)
Potions
 e - 3 potions of curing
 i - 2 potions of agility
 o - 2 potions of restore abilities
 t - 2 potions of lignification {unknown}
 u - 2 potions of brilliance {unknown}
 w - a potion of beneficial mutation {unknown}
 x - a potion of confusion {unknown}
 D - a potion of paralysis {unknown}
Books
 b - a book of Flames

   Spells                             Type                      Level
   *Flame Tongue                      Conjuration/Fire             1
   *Throw Flame                       Conjuration/Fire             2
   *Conjure Flame                     Conjuration/Fire             3
   Inner Flame                        Hexes/Fire                   3
   Sticky Flame                       Conjuration/Fire             4
   Fireball                           Conjuration/Fire             5


   Skills:
 * Level 1.9 Short Blades
 * Level 5.0 Dodging
 * Level 4.1 Stealth
 - Level 2.8 Spellcasting
 - Level 2.1 Conjurations
 - Level 4.7 Fire Magic


You had 5 spell levels left.
You knew the following spells:

 Your Spells              Type           Power        Failure   Level  Hunger
a - Flame Tongue          Conj/Fire      ##...        6%          1    #......
b - Throw Flame           Conj/Fire      ##....       10%         2    ##.....
c - Conjure Flame         Conj/Fire      ##......     14%         3    ###....


Dungeon Overview and Level Annotations

Branches:
Dungeon (5/15)
 Temple: D:4-7

Altars:
Cheibriados
Elyvilon
Fedhas
Trog
Xom
Zin


Innate Abilities, Weirdness & Mutations

You can fly.
You have a beak for a mouth.
You have claws for feet.


Message History

The orc priest is heavily wounded.
The orc priest invokes the aid of Beogh against you.
Something smites you!
You hit the orc priest but do no damage.
The orc priest looks even sicker.
Your kick misses the orc priest.
The orc priest is heavily wounded.
The orc hits you but does no damage.
Your leather armour prevents you from hitting the orc priest.
Your kick misses the orc priest.
The orc priest is severely wounded.
The orc priest hits you with a flail.
The orc hits you from afar with a trident!
* * * LOW HITPOINT WARNING * * *
You closely miss the orc priest.
You claw the orc priest, but do no damage.
Your peck misses the orc priest.
The orc priest is severely wounded.
The orc priest mumbles some strange prayers to Beogh against you.
Something smites you!
You die...

###### #.(....
#......# #.
#........
#.####......#
#ooo@#......#
####).......#
######).....#
##...##......#
##..#..##)#####
###..# #..#..#
####+#...##
+..#.#
#.......##
##.#+###
#.....#..##
##......#


You could see an orc priest and 2 orcs.

Vanquished Creatures
  A phantom (D:4)
  2 scorpions (D:4)
  Natasha (thrice) (D:3)
  An iguana (D:4)
  Ijyb (D:3)
  A hound skeleton (D:4)
  3 adders
  3 giant mites
  3 worms
  An ooze (D:1)
  4 orcs
  9 bats
  10 goblins
  18 hobgoblins
  2 jackals (D:4)
  13 kobolds
  A ball python (D:2)
  7 giant cockroaches
  3 giant newts
  A goblin skeleton (D:4)
  2 quokkas
  15 rats
  A butterfly (D:4)
105 creatures vanquished.

Notes
Turn   | Place    | Note
--------------------------------------------------------------
     0 | D:1      | Chiseanne, the Tengu Fire Elementalist, began the quest for the Orb.
     0 | D:1      | Reached XP level 1. HP: 10/10 MP: 3/3
   330 | D:1      | Reached XP level 2. HP: 15/15 MP: 5/5
   359 | D:1      | Reached skill level 4 in Fire Magic
   799 | D:1      | Reached XP level 3. HP: 11/19 MP: 5/7
  2281 | D:2      | Reached XP level 4. HP: 22/24 MP: 9/9
  2382 | D:2      | Found a blossoming altar of Fedhas.
  2741 | D:2      | Learned a level 2 spell: Throw Flame
  2745 | D:2      | Learned a level 3 spell: Conjure Flame
  2931 | D:2      | Noticed a moth of wrath
  2932 | D:2      | Found a bloodstained altar of Trog.
  3228 | D:3      | Noticed Natasha
  3233 | D:3      | Killed Natasha
  3233 | D:3      | Reached XP level 5. HP: 23/28 MP: 12/12
  3297 | D:3      | Found a white marble altar of Elyvilon.
  3361 | D:3      | Noticed Natasha
  3372 | D:3      | Killed Natasha
  3470 | D:3      | Noticed Ijyb
  3482 | D:3      | Killed Ijyb
  3717 | D:3      | Noticed Natasha
  3719 | D:3      | Killed Natasha
  3762 | D:3      | Found a glowing silver altar of Zin.
  3830 | D:3      | Found a bloodstained altar of Trog.
  4290 | D:4      | Found a shimmering altar of Xom.
  4533 | D:4      | Reached skill level 1 in Short Blades
  4533 | D:4      | Reached XP level 6. HP: 32/32 MP: 13/13
  4646 | D:4      | Noticed a phantom
  4658 | D:4      | Killed a phantom
  5308 | D:4      | Reached XP level 7. HP: 36/36 MP: 15/15
  5403 | D:5      | Entered Level 5 of the Dungeon
  5403 | D:5      | Found a snail-covered altar of Cheibriados.
  5452 | D:5      | Reached skill level 5 in Dodging
  5477 | D:5      | Killed from afar by an orc priest

Action                   |  1- 3 |  4- 6 |  7- 9 || total
-------------------------+-------+-------+-------++-------
Melee: Dagger            |    81 |   126 |    13 ||   220
 Cast: Flame Tongue      |     5 |     1 |       ||     6
       Throw Flame       |       |     7 |       ||     7
 Abil: Fly               |       |     1 |       ||     1
Evoke: Wand              |       |     2 |       ||     2
  Use: Scroll            |       |     7 |       ||     7
 Stab: Sleeping          |     3 |     4 |     1 ||     8
